3047 views
Uploaded 2019-12-01 20:49:13
Game version 1.32.0.3 / 1.32.0.3.1
48:10 long 3on3 ladder game on (8)Mur'gulOasis_LV
Saved by iggythefisk
3047 views
Uploaded 2019-12-01 20:49:13
Game version 1.32.0.3 / 1.32.0.3.1
48:10 long 3on3 ladder game on (8)Mur'gulOasis_LV


84 units @ 7.3k
/ 0.4k
270 buildings @ 16.2k
/ 7.3k

| Orb of Venom | 1 | 325 |
| Potion of Healing | 2 | 300 |
| Potion of Mana | 1 | 200 |
| Boots of Speed | 1 | 250 |
| Staff of Teleportation | 1 | 150 |
| Circlet of Nobility | 2 | 350 |
| Potion of Lesser Invulnerability | 5 | 750 |
| total: | 13 | 2325g |
| Wisp | 38 | 2280 | / | 0 |
| total: | 38 | 2280g | / | 0w |
| Altar of Elders | 1 | 180 | / | 50 |
| Moon Well | 27 | 4860 | / | 1080 |
| Hunter's Hall | 1 | 210 | / | 100 |
| Tree of Life | 3 | 1020 | / | 555 |
| Ancient of Wonders | 2 | 180 | / | 60 |
| Tree of Ages | 1 | 320 | / | 180 |
| Tree of Eternity | 1 | 330 | / | 200 |
| total: | 34 | 6450g | / | 1845w |
| 0:01 | Wisp |
| 0:03 | Altar of Elders |
| 0:19 | Moon Well |
| 0:25 | Wisp |
| 0:26 | Wisp |
| 0:54 | Wisp |
| 0:54 | Wisp |
| 0:54 | Wisp |
| 1:16 | Wisp |
| 1:22 | Wisp |
| 1:32 | Wisp |
| 1:52 | Moon Well |
| 2:05 | Wisp |
| 2:08 | Entangling Roots |
| 2:11 | Wisp |
| 3:40 | Boots of Speed |
| 3:40 | Staff of Teleportation |
| 4:21 | Tree of Ages |
| 4:49 | Moon Well |
| 5:12 | Moon Well |
| 6:38 | Thorns Aura |
| 7:07 | Tree of Eternity |
| 7:38 | Moon Well |
| 7:41 | Moon Well |
| 8:13 | Hunter's Hall |
| 9:03 | Tree of Life |
| 9:10 | Circlet of Nobility |
| 9:29 | Wisp |
| 9:30 | Wisp |
| 9:30 | Wisp |
| 9:31 | Well Spring |
| 9:33 | Wisp |
| 9:59 | Ancient of Wonders |
| 10:02 | Wisp |
| 10:53 | Moon Well |
| 10:58 | Moon Well |
| 10:59 | Moon Well |
| 11:35 | Moon Well |
| 11:41 | Wisp |
| 12:01 | Ancient of Wonders |
| 12:05 | Wisp |
| 12:05 | Wisp |
| 12:09 | Backpack |
| 12:18 | Wisp |
| 13:00 | Orb of Venom |
| 13:14 | Wisp |
| 13:14 | Wisp |
| 13:25 | Moon Well |
| 13:52 | Entangling Roots |
| 14:20 | Moon Well |
| 14:32 | Wisp |
| 14:33 | Wisp |
| 15:37 | Moon Well |
| 15:37 | Moon Well |
| 15:54 | Moon Well |
| 16:53 | Wisp |
| 16:53 | Wisp |
| 17:29 | Tree of Life |
| 18:29 | Moon Well |
| 18:45 | Tree of Life |
| 19:31 | Wisp |
| 19:31 | Wisp |
| 19:31 | Wisp |
| 19:32 | Wisp |
| 19:50 | Wisp |
| 20:43 | Thorns Aura |
| 21:03 | Potion of Healing |
| 21:07 | Potion of Mana |
| 21:52 | Potion of Healing |
| 22:19 | Nature's Blessing |
| 22:20 | Wisp |
| 22:48 | Moon Well |
| 24:07 | Moon Well |
| 24:58 | Moon Well |
| 25:10 | Moon Well |
| 25:31 | Wisp |
| 25:31 | Wisp |
| 25:31 | Wisp |
| 25:31 | Wisp |
| 25:32 | Wisp |
| 25:44 | Moon Well |
| 26:58 | Moon Well |
| 27:02 | Entangling Roots |
| 27:20 | Moon Well |
| 29:13 | Circlet of Nobility |
| 29:27 | Moon Well |
| 30:22 | Wisp |
| 30:49 | Moon Well |
| 30:53 | Moon Well |
| 32:10 | Moon Well |
| 32:19 | Potion of Lesser Invulnerability |
| 36:18 | Potion of Lesser Invulnerability |
| 38:22 | Potion of Lesser Invulnerability |
| 41:58 | Potion of Lesser Invulnerability |
| 45:09 | Tranquility |
| 45:21 | Potion of Lesser Invulnerability |
| Right click | 3083 |
| Assign group | 1584 |
| Select group | 511 |
| Resource trade | 336 |
| Select | 287 |
| Build/train/purchase | 122 |
| Use ability | 114 |
| Chat | 37 |
| Misc. action | 22 |
| Item give/drop | 4 |
| Remove unit | 2 |



x2)
| Staff of Sanctuary | 3 | 750 |
| Boots of Speed | 3 | 750 |
| Staff of Teleportation | 3 | 450 |
| Tome of Retraining | 2 | 600 |
| total: | 11 | 2550g |
| Peasant | 15 | 1125 | / | 0 |
| Priest | 2 | 270 | / | 20 |
| Dragonhawk Rider | 4 | 800 | / | 120 |
| total: | 21 | 2195g | / | 140w |
| Scout Tower | 84 | 2520 | / | 1680 |
| Arcane Tower | 4 | 280 | / | 200 |
| Guard Tower | 54 | 3780 | / | 2700 |
| Altar of Kings | 1 | 180 | / | 50 |
| Farm | 7 | 560 | / | 140 |
| Lumber Mill | 1 | 120 | / | 0 |
| Arcane Vault | 2 | 260 | / | 60 |
| Blacksmith | 1 | 140 | / | 60 |
| Barracks | 1 | 160 | / | 60 |
| Arcane Sanctum | 1 | 150 | / | 140 |
| Gryphon Aviary | 1 | 140 | / | 150 |
| Keep | 2 | 640 | / | 420 |
| Castle | 1 | 360 | / | 210 |
| total: | 99 | 4230g | / | 2340w |
| 0:07 | Peasant |
| 0:07 | Peasant |
| 0:08 | Peasant |
| 0:11 | Altar of Kings |
| 0:24 | Farm |
| 0:34 | Peasant |
| 0:39 | Lumber Mill |
| 0:48 | Peasant |
| 1:06 | Peasant |
| 1:08 | Peasant |
| 1:23 | Farm |
| 1:26 | Scout Tower |
| 1:36 | Peasant |
| 1:47 | Peasant |
| 1:53 | Scout Tower |
| 1:57 | Scout Tower |
| 1:57 | Scout Tower |
| 2:01 | Scout Tower |
| 2:02 | Scout Tower |
| 2:03 | Arcane Tower |
| 2:09 | Peasant |
| 2:11 | Summon Water Elemental |
| 2:23 | Peasant |
| 2:26 | Arcane Tower |
| 2:29 | Guard Tower |
| 2:29 | Guard Tower |
| 2:31 | Scout Tower |
| 2:31 | Scout Tower |
| 2:32 | Scout Tower |
| 2:32 | Scout Tower |
| 2:45 | Scout Tower |
| 2:45 | Scout Tower |
| 2:49 | Improved Masonry |
| 2:50 | Peasant |
| 2:51 | Peasant |
| 2:51 | Peasant |
| 2:58 | Guard Tower |
| 2:58 | Guard Tower |
| 3:14 | Guard Tower |
| 3:23 | Guard Tower |
| 3:25 | Scout Tower |
| 3:26 | Scout Tower |
| 3:52 | Guard Tower |
| 3:54 | Guard Tower |
| 3:56 | Scout Tower |
| 3:57 | Scout Tower |
| 3:57 | Scout Tower |
| 3:57 | Scout Tower |
| 3:59 | Keep |
| 4:08 | Farm |
| 4:17 | Guard Tower |
| 4:28 | Guard Tower |
| 4:34 | Guard Tower |
| 4:49 | Guard Tower |
| 4:50 | Arcane Tower |
| 4:58 | Guard Tower |
| 4:59 | Guard Tower |
| 5:02 | Scout Tower |
| 5:03 | Scout Tower |
| 5:04 | Scout Tower |
| 5:04 | Scout Tower |
| 5:29 | Brilliance Aura |
| 5:45 | Guard Tower |
| 5:49 | Farm |
| 5:55 | Scout Tower |
| 5:56 | Scout Tower |
| 5:56 | Scout Tower |
| 5:57 | Scout Tower |
| 6:15 | Scout Tower |
| 6:16 | Scout Tower |
| 6:16 | Scout Tower |
| 6:17 | Scout Tower |
| 6:18 | Scout Tower |
| 6:18 | Scout Tower |
| 6:19 | Scout Tower |
| 6:19 | Scout Tower |
| 6:20 | Scout Tower |
| 6:20 | Scout Tower |
| 6:21 | Boots of Speed |
| 6:22 | Staff of Teleportation |
| 6:29 | Arcane Vault |
| 6:41 | Scout Tower |
| 6:41 | Scout Tower |
| 6:41 | Scout Tower |
| 6:43 | Scout Tower |
| 6:43 | Scout Tower |
| 6:48 | Guard Tower |
| 6:48 | Guard Tower |
| 6:55 | Advanced Masonry |
| 6:58 | Guard Tower |
| 6:59 | Guard Tower |
| 7:08 | Guard Tower |
| 7:19 | Scout Tower |
| 7:20 | Scout Tower |
| 7:20 | Scout Tower |
| 7:21 | Scout Tower |
| 7:21 | Scout Tower |
| 7:22 | Scout Tower |
| 7:44 | Storm Bolt |
| 7:57 | Castle |
| 8:10 | Guard Tower |
| 8:11 | Guard Tower |
| 8:18 | Guard Tower |
| 8:24 | Arcane Tower |
| 8:25 | Guard Tower |
| 8:39 | Arcane Sanctum |
| 9:01 | Guard Tower |
| 9:06 | Guard Tower |
| 9:07 | Guard Tower |
| 9:10 | Scout Tower |
| 9:11 | Scout Tower |
| 9:11 | Scout Tower |
| 9:11 | Scout Tower |
| 9:21 | Summon Water Elemental |
| 9:28 | Guard Tower |
| 9:30 | Guard Tower |
| 9:31 | Guard Tower |
| 9:34 | Farm |
| 9:35 | Farm |
| 10:51 | Guard Tower |
| 11:01 | Bash |
| 11:07 | Arcane Vault |
| 11:13 | Magic Sentry |
| 11:38 | Holy Light |
| 12:38 | Boots of Speed |
| 12:38 | Staff of Teleportation |
| 12:40 | Boots of Speed |
| 12:42 | Guard Tower |
| 12:50 | Priest |
| 12:57 | Staff of Sanctuary |
| 13:16 | Gryphon Aviary |
| 13:20 | Blacksmith |
| 13:43 | Barracks |
| 13:47 | Scout Tower |
| 13:48 | Scout Tower |
| 13:49 | Scout Tower |
| 13:49 | Scout Tower |
| 14:06 | Imbued Masonry |
| 14:34 | Dragonhawk Rider |
| 14:36 | Priest |
| 14:43 | Farm |
| 15:39 | Animal War Training |
| 15:41 | Dragonhawk Rider |
| 15:41 | Dragonhawk Rider |
| 15:45 | Iron Forged Swords |
| 15:45 | Studded Leather Armor |
| 15:48 | Reinforced Leather Armor |
| 16:24 | Staff of Sanctuary |
| 16:52 | Dragonhawk Rider |
| 17:22 | Tome of Retraining |
| 17:22 | Retrain Hero |
| 17:28 | Blizzard |
| 17:43 | Staff of Teleportation |
| 17:46 | Divine Shield |
| 17:57 | Scout Tower |
| 17:58 | Scout Tower |
| 17:59 | Scout Tower |
| 17:59 | Scout Tower |
| 17:59 | Scout Tower |
| 18:00 | Scout Tower |
| 18:00 | Scout Tower |
| 18:01 | Scout Tower |
| 18:36 | Guard Tower |
| 18:43 | Dragonhide Armor |
| 19:03 | Blizzard |
| 19:05 | Storm Bolt |
| 19:22 | Guard Tower |
| 19:26 | Peasant |
| 19:52 | Tome of Retraining |
| 19:52 | Retrain Hero |
| 19:55 | Blizzard |
| 19:55 | Brilliance Aura |
| 19:55 | Blizzard |
| 19:55 | Brilliance Aura |
| 20:03 | Guard Tower |
| 20:40 | Guard Tower |
| 20:57 | Guard Tower |
| 21:30 | Guard Tower |
| 21:51 | Guard Tower |
| 21:52 | Scout Tower |
| 21:53 | Scout Tower |
| 21:53 | Scout Tower |
| 21:54 | Scout Tower |
| 22:20 | Guard Tower |
| 22:27 | Staff of Sanctuary |
| 23:48 | Guard Tower |
| 23:51 | Scout Tower |
| 24:03 | Scout Tower |
| 24:04 | Scout Tower |
| 24:04 | Scout Tower |
| 24:05 | Scout Tower |
| 24:05 | Scout Tower |
| 24:06 | Scout Tower |
| 24:08 | Scout Tower |
| 24:09 | Scout Tower |
| 24:10 | Scout Tower |
| 24:10 | Scout Tower |
| 24:11 | Scout Tower |
| 24:37 | Guard Tower |
| 24:38 | Guard Tower |
| 24:39 | Guard Tower |
| 24:40 | Scout Tower |
| 24:53 | Scout Tower |
| 24:54 | Scout Tower |
| 24:55 | Scout Tower |
| 24:56 | Scout Tower |
| 24:57 | Guard Tower |
| 25:02 | Guard Tower |
| 25:21 | Guard Tower |
| 37:49 | Holy Light |
| 46:04 | Bash |
| Right click | 4476 |
| Select | 949 |
| Select group | 917 |
| Build/train/purchase | 230 |
| Use ability | 198 |
| Assign group | 41 |
| Minimap ping | 39 |
| Misc. action | 18 |
| Remove unit | 5 |
| Item give/drop | 4 |



x1)
| Staff of Sanctuary | 3 | 750 |
| Orb of Fire | 3 | 975 |
| Potion of Healing | 1 | 150 |
| Boots of Speed | 3 | 750 |
| Staff of Teleportation | 3 | 450 |
| Periapt of Vitality | 3 | 975 |
| Potion of Invisibility | 1 | 100 |
| Tome of Retraining | 1 | 300 |
| total: | 18 | 4450g |
| Peasant | 16 | 1200 | / | 0 |
| Dragonhawk Rider | 7 | 1400 | / | 210 |
| Priest | 2 | 270 | / | 20 |
| total: | 25 | 2870g | / | 230w |
| Scout Tower | 120 | 3600 | / | 2400 |
| Arcane Tower | 6 | 420 | / | 300 |
| Guard Tower | 41 | 2870 | / | 2050 |
| Altar of Kings | 1 | 180 | / | 50 |
| Farm | 7 | 560 | / | 140 |
| Lumber Mill | 2 | 240 | / | 0 |
| Arcane Vault | 3 | 390 | / | 90 |
| Barracks | 1 | 160 | / | 60 |
| Blacksmith | 1 | 140 | / | 60 |
| Arcane Sanctum | 1 | 150 | / | 140 |
| Gryphon Aviary | 1 | 140 | / | 150 |
| Keep | 1 | 320 | / | 210 |
| Castle | 1 | 360 | / | 210 |
| total: | 137 | 5560g | / | 3090w |
| 0:06 | Altar of Kings |
| 0:08 | Peasant |
| 0:08 | Peasant |
| 0:15 | Farm |
| 0:19 | Peasant |
| 0:20 | Peasant |
| 0:48 | Peasant |
| 0:55 | Lumber Mill |
| 1:03 | Scout Tower |
| 1:13 | Farm |
| 1:17 | Peasant |
| 1:33 | Scout Tower |
| 1:35 | Peasant |
| 1:35 | Peasant |
| 1:43 | Peasant |
| 1:54 | Peasant |
| 1:58 | Peasant |
| 1:58 | Peasant |
| 2:03 | Arcane Tower |
| 2:07 | Summon Water Elemental |
| 2:08 | Summon Water Elemental |
| 2:12 | Scout Tower |
| 2:20 | Peasant |
| 2:20 | Peasant |
| 2:26 | Arcane Tower |
| 2:34 | Peasant |
| 2:42 | Guard Tower |
| 2:43 | Scout Tower |
| 2:44 | Peasant |
| 3:00 | Scout Tower |
| 3:02 | Scout Tower |
| 3:15 | Brilliance Aura |
| 3:31 | Improved Masonry |
| 3:39 | Keep |
| 3:41 | Guard Tower |
| 3:57 | Boots of Speed |
| 3:57 | Staff of Teleportation |
| 4:01 | Periapt of Vitality |
| 4:17 | Lumber Mill |
| 4:22 | Guard Tower |
| 4:26 | Scout Tower |
| 4:27 | Scout Tower |
| 4:28 | Scout Tower |
| 4:29 | Scout Tower |
| 4:29 | Scout Tower |
| 4:46 | Scout Tower |
| 4:46 | Scout Tower |
| 4:57 | Farm |
| 4:57 | Farm |
| 4:59 | Farm |
| 5:11 | Guard Tower |
| 5:15 | Scout Tower |
| 5:16 | Scout Tower |
| 5:17 | Scout Tower |
| 5:18 | Scout Tower |
| 5:22 | Guard Tower |
| 5:41 | Guard Tower |
| 5:49 | Guard Tower |
| 5:51 | Scout Tower |
| 5:52 | Scout Tower |
| 5:53 | Scout Tower |
| 6:14 | Castle |
| 6:30 | Arcane Sanctum |
| 6:48 | Guard Tower |
| 7:01 | Storm Bolt |
| 7:06 | Advanced Masonry |
| 7:09 | Summon Water Elemental |
| 7:21 | Guard Tower |
| 7:54 | Guard Tower |
| 7:57 | Guard Tower |
| 8:57 | Staff of Teleportation |
| 8:57 | Boots of Speed |
| 9:11 | Magic Sentry |
| 9:14 | Imbued Masonry |
| 9:18 | Scout Tower |
| 9:18 | Scout Tower |
| 9:19 | Scout Tower |
| 9:19 | Scout Tower |
| 9:24 | Bash |
| 9:30 | Arcane Vault |
| 9:30 | Arcane Vault |
| 9:32 | Arcane Vault |
| 9:36 | Scout Tower |
| 9:37 | Scout Tower |
| 9:38 | Holy Light |
| 9:57 | Staff of Teleportation |
| 9:57 | Boots of Speed |
| 10:05 | Periapt of Vitality |
| 10:51 | Potion of Invisibility |
| 10:57 | Guard Tower |
| 11:06 | Scout Tower |
| 11:06 | Scout Tower |
| 11:08 | Scout Tower |
| 11:09 | Scout Tower |
| 11:09 | Scout Tower |
| 11:10 | Scout Tower |
| 11:11 | Scout Tower |
| 11:11 | Scout Tower |
| 11:12 | Scout Tower |
| 11:13 | Scout Tower |
| 11:27 | Staff of Sanctuary |
| 11:35 | Staff of Sanctuary |
| 11:41 | Guard Tower |
| 11:45 | Guard Tower |
| 12:41 | Staff of Sanctuary |
| 12:49 | Orb of Fire |
| 13:02 | Scout Tower |
| 13:03 | Scout Tower |
| 13:04 | Scout Tower |
| 13:21 | Orb of Fire |
| 14:03 | Guard Tower |
| 14:04 | Gryphon Aviary |
| 14:06 | Farm |
| 14:08 | Farm |
| 14:10 | Barracks |
| 14:19 | Brilliance Aura |
| 14:26 | Guard Tower |
| 14:29 | Scout Tower |
| 14:29 | Scout Tower |
| 14:30 | Scout Tower |
| 15:54 | Scout Tower |
| 15:55 | Scout Tower |
| 15:56 | Scout Tower |
| 15:57 | Scout Tower |
| 15:57 | Scout Tower |
| 16:28 | Storm Bolt |
| 16:29 | Divine Shield |
| 16:49 | Dragonhawk Rider |
| 16:50 | Dragonhawk Rider |
| 16:53 | Blacksmith |
| 17:00 | Guard Tower |
| 17:23 | Dragonhawk Rider |
| 17:23 | Dragonhawk Rider |
| 18:33 | Guard Tower |
| 19:30 | Scout Tower |
| 19:31 | Scout Tower |
| 19:32 | Scout Tower |
| 19:57 | Scout Tower |
| 19:57 | Scout Tower |
| 20:00 | Scout Tower |
| 20:00 | Scout Tower |
| 20:01 | Scout Tower |
| 20:02 | Scout Tower |
| 20:02 | Scout Tower |
| 20:03 | Scout Tower |
| 20:04 | Scout Tower |
| 20:04 | Scout Tower |
| 20:12 | Dragonhawk Rider |
| 20:12 | Dragonhawk Rider |
| 20:45 | Guard Tower |
| 20:53 | Guard Tower |
| 20:59 | Guard Tower |
| 21:33 | Scout Tower |
| 21:34 | Scout Tower |
| 21:35 | Studded Leather Armor |
| 21:36 | Animal War Training |
| 21:47 | Orb of Fire |
| 21:58 | Potion of Healing |
| 22:20 | Holy Light |
| 22:28 | Guard Tower |
| 22:29 | Scout Tower |
| 22:29 | Scout Tower |
| 22:30 | Scout Tower |
| 22:30 | Scout Tower |
| 22:31 | Scout Tower |
| 22:31 | Scout Tower |
| 22:48 | Bash |
| 22:52 | Tome of Retraining |
| 22:52 | Retrain Hero |
| 22:54 | Brilliance Aura |
| 22:55 | Brilliance Aura |
| 22:55 | Blizzard |
| 22:55 | Blizzard |
| 22:59 | Guard Tower |
| 23:01 | Guard Tower |
| 23:04 | Scout Tower |
| 23:05 | Scout Tower |
| 23:05 | Scout Tower |
| 23:06 | Scout Tower |
| 23:07 | Scout Tower |
| 23:07 | Scout Tower |
| 23:08 | Scout Tower |
| 23:08 | Scout Tower |
| 23:13 | Scout Tower |
| 23:14 | Scout Tower |
| 23:14 | Scout Tower |
| 23:15 | Scout Tower |
| 23:16 | Scout Tower |
| 23:16 | Scout Tower |
| 23:17 | Scout Tower |
| 23:18 | Scout Tower |
| 23:18 | Scout Tower |
| 23:19 | Scout Tower |
| 23:25 | Scout Tower |
| 23:25 | Scout Tower |
| 23:26 | Scout Tower |
| 23:26 | Scout Tower |
| 23:27 | Scout Tower |
| 23:27 | Scout Tower |
| 23:44 | Guard Tower |
| 23:53 | Guard Tower |
| 23:57 | Guard Tower |
| 24:03 | Priest Adept Training |
| 24:07 | Priest |
| 24:07 | Priest Master Training |
| 24:09 | Guard Tower |
| 24:11 | Guard Tower |
| 24:18 | Guard Tower |
| 24:23 | Scout Tower |
| 24:24 | Scout Tower |
| 24:25 | Scout Tower |
| 24:25 | Scout Tower |
| 24:27 | Scout Tower |
| 24:28 | Scout Tower |
| 24:29 | Scout Tower |
| 24:30 | Scout Tower |
| 24:30 | Scout Tower |
| 25:24 | Guard Tower |
| 25:34 | Guard Tower |
| 25:36 | Guard Tower |
| 25:40 | Reinforced Leather Armor |
| 26:03 | Guard Tower |
| 26:30 | Guard Tower |
| 26:31 | Scout Tower |
| 26:32 | Scout Tower |
| 26:33 | Scout Tower |
| 26:34 | Scout Tower |
| 26:34 | Scout Tower |
| 26:55 | Guard Tower |
| 26:59 | Scout Tower |
| 26:59 | Scout Tower |
| 28:27 | Guard Tower |
| 28:30 | Scout Tower |
| 28:30 | Scout Tower |
| 28:31 | Scout Tower |
| 28:32 | Scout Tower |
| 28:45 | Guard Tower |
| 28:48 | Scout Tower |
| 28:49 | Scout Tower |
| 28:50 | Scout Tower |
| 28:51 | Scout Tower |
| 28:52 | Scout Tower |
| 29:06 | Dragonhide Armor |
| 29:09 | Dragonhawk Rider |
| 30:20 | Storm Bolt |
| 30:39 | Arcane Tower |
| 30:40 | Arcane Tower |
| 30:45 | Guard Tower |
| 31:03 | Priest |
| 31:04 | Storm Bolt |
| 31:18 | Arcane Tower |
| 32:02 | Scout Tower |
| 32:03 | Scout Tower |
| 32:04 | Scout Tower |
| 32:31 | Brilliance Aura |
| 33:22 | Guard Tower |
| 35:29 | Devotion Aura |
| 40:38 | Avatar |
| 40:40 | Blizzard |
| 43:27 | Holy Light |
| 46:30 | Periapt of Vitality |
| Right click | 4031 |
| Select group | 3373 |
| Select | 478 |
| Use ability | 238 |
| Build/train/purchase | 219 |
| Misc. action | 115 |
| Chat | 94 |
| Minimap ping | 61 |
| Assign group | 16 |
| Item give/drop | 13 |
| Esc | 12 |
205 units @ 33k
/ 5.3k
70 buildings @ 10.4k
/ 4.4k



| Scroll of Regeneration | 2 | 200 |
| total: | 2 | 200g |
| Peasant | 43 | 3225 | / | 0 |
| Footman | 4 | 540 | / | 0 |
| Spell Breaker | 4 | 860 | / | 120 |
| Dragonhawk Rider | 8 | 1600 | / | 240 |
| Knight | 6 | 1470 | / | 360 |
| Priest | 13 | 1755 | / | 130 |
| Gryphon Rider | 8 | 2240 | / | 560 |
| total: | 86 | 11690g | / | 1410w |
| Scout Tower | 4 | 120 | / | 80 |
| Arcane Tower | 1 | 70 | / | 50 |
| Guard Tower | 5 | 350 | / | 250 |
| Altar of Kings | 1 | 180 | / | 50 |
| Farm | 11 | 880 | / | 220 |
| Barracks | 1 | 160 | / | 60 |
| Lumber Mill | 1 | 120 | / | 0 |
| Blacksmith | 1 | 140 | / | 60 |
| Arcane Vault | 2 | 260 | / | 60 |
| Town Hall | 4 | 1540 | / | 820 |
| Arcane Sanctum | 1 | 150 | / | 140 |
| Gryphon Aviary | 2 | 280 | / | 300 |
| Workshop | 1 | 140 | / | 140 |
| Keep | 1 | 320 | / | 210 |
| Castle | 1 | 360 | / | 210 |
| total: | 29 | 3970g | / | 1930w |
| 0:03 | Peasant |
| 0:04 | Peasant |
| 0:10 | Altar of Kings |
| 0:13 | Farm |
| 0:15 | Peasant |
| 0:30 | Barracks |
| 0:34 | Peasant |
| 1:10 | Lumber Mill |
| 1:13 | Peasant |
| 1:24 | Farm |
| 1:27 | Peasant |
| 1:34 | Peasant |
| 1:45 | Scout Tower |
| 1:58 | Farm |
| 1:59 | Peasant |
| 2:30 | Arcane Tower |
| 2:41 | Summon Water Elemental |
| 3:07 | Farm |
| 3:10 | Keep |
| 3:19 | Footman |
| 3:44 | Footman |
| 3:46 | Farm |
| 3:54 | Blacksmith |
| 4:12 | Footman |
| 4:43 | Footman |
| 5:16 | Farm |
| 5:31 | Brilliance Aura |
| 5:48 | Peasant |
| 5:48 | Peasant |
| 5:51 | Improved Lumber Harvesting |
| 5:56 | Arcane Sanctum |
| 6:10 | Iron Forged Swords |
| 6:53 | Peasant |
| 6:53 | Peasant |
| 7:03 | Storm Bolt |
| 7:33 | Arcane Vault |
| 7:34 | Castle |
| 7:50 | Gryphon Aviary |
| 7:53 | Gryphon Aviary |
| 8:07 | Steel Forged Swords |
| 9:01 | Control Magic |
| 9:29 | Farm |
| 9:31 | Spell Breaker |
| 9:33 | Scroll of Regeneration |
| 9:45 | Dragonhawk Rider |
| 10:33 | Mithril Forged Swords |
| 10:34 | Animal War Training |
| 10:37 | Knight |
| 11:19 | Town Hall |
| 11:31 | Knight |
| 11:33 | Priest Adept Training |
| 11:34 | Priest |
| 11:37 | Storm Hammers |
| 11:42 | Summon Water Elemental |
| 12:09 | Cloud |
| 13:01 | Spell Breaker |
| 13:03 | Sundering Blades |
| 13:03 | Knight |
| 13:06 | Gryphon Rider |
| 13:14 | Peasant |
| 13:33 | Gryphon Rider |
| 13:42 | Priest |
| 14:16 | Gryphon Rider |
| 14:20 | Priest |
| 15:27 | Bash |
| 16:43 | Peasant |
| 16:43 | Peasant |
| 16:43 | Peasant |
| 16:49 | Priest Master Training |
| 16:49 | Magic Sentry |
| 16:50 | Priest |
| 16:50 | Spell Breaker |
| 17:39 | Storm Bolt |
| 17:58 | Iron Plating |
| 18:12 | Town Hall |
| 18:21 | Town Hall |
| 19:25 | Dragonhawk Rider |
| 19:43 | Steel Plating |
| 19:45 | Spell Breaker |
| 19:47 | Dragonhawk Rider |
| 20:18 | Priest |
| 20:18 | Priest |
| 21:02 | Holy Light |
| 21:47 | Knight |
| 21:47 | Gryphon Rider |
| 21:49 | Priest |
| 22:12 | Peasant |
| 22:12 | Peasant |
| 22:12 | Peasant |
| 22:13 | Peasant |
| 22:32 | Knight |
| 22:33 | Mithril Plating |
| 22:38 | Farm |
| 24:02 | Brilliance Aura |
| 24:10 | Gryphon Rider |
| 24:11 | Priest |
| 24:36 | Gryphon Rider |
| 24:59 | Farm |
| 25:29 | Farm |
| 25:35 | Town Hall |
| 26:22 | Bash |
| 26:29 | Divine Shield |
| 26:57 | Scout Tower |
| 26:58 | Scout Tower |
| 27:01 | Scout Tower |
| 27:15 | Gryphon Rider |
| 27:17 | Farm |
| 27:26 | Guard Tower |
| 27:28 | Guard Tower |
| 28:29 | Gryphon Rider |
| 28:30 | Knight |
| 30:35 | Dragonhawk Rider |
| 31:37 | Peasant |
| 31:37 | Peasant |
| 32:25 | Peasant |
| 33:19 | Peasant |
| 33:19 | Peasant |
| 33:19 | Peasant |
| 34:06 | Arcane Vault |
| 34:46 | Peasant |
| 34:46 | Peasant |
| 34:47 | Peasant |
| 34:58 | Peasant |
| 34:58 | Peasant |
| 34:58 | Peasant |
| 36:43 | Dragonhawk Rider |
| 36:46 | Studded Leather Armor |
| 37:11 | Peasant |
| 37:11 | Peasant |
| 37:11 | Peasant |
| 37:11 | Peasant |
| 37:12 | Peasant |
| 37:55 | Priest |
| 38:24 | Scroll of Regeneration |
| 38:58 | Priest |
| 39:01 | Dragonhawk Rider |
| 41:57 | Dragonhawk Rider |
| 42:47 | Peasant |
| 42:47 | Peasant |
| 42:47 | Peasant |
| 42:47 | Peasant |
| 42:47 | Peasant |
| 42:47 | Peasant |
| 43:38 | Priest |
| 43:56 | Priest |
| 44:23 | Workshop |
| 45:18 | Priest |
| 45:25 | Dragonhawk Rider |
| 45:28 | Barrage |
| Right click | 3559 |
| Select group | 1104 |
| Select | 481 |
| Build/train/purchase | 189 |
| Misc. action | 69 |
| Assign group | 63 |
| Use ability | 44 |
| Minimap ping | 43 |
| Esc | 4 |


| Boots of Speed | 1 | 250 |
| Periapt of Vitality | 1 | 325 |
| total: | 2 | 575g |
| Acolyte | 2 | 150 | / | 0 |
| Ghoul | 2 | 240 | / | 0 |
| Crypt Fiend | 23 | 4945 | / | 920 |
| Meat Wagon | 19 | 4370 | / | 950 |
| total: | 46 | 9705g | / | 1870w |
| Spirit Tower | 3 | 435 | / | 120 |
| Nerubian Tower | 1 | 100 | / | 20 |
| Graveyard | 1 | 215 | / | 0 |
| Crypt | 1 | 200 | / | 50 |
| Ziggurat | 7 | 1050 | / | 350 |
| Altar of Darkness | 2 | 360 | / | 100 |
| Slaughterhouse | 1 | 140 | / | 135 |
| Halls of the Dead | 1 | 320 | / | 210 |
| Black Citadel | 1 | 325 | / | 230 |
| total: | 12 | 1965g | / | 635w |
| 0:04 | Acolyte |
| 0:04 | Acolyte |
| 0:18 | Graveyard |
| 0:24 | Crypt |
| 0:42 | Ziggurat |
| 0:58 | Altar of Darkness |
| 1:00 | Altar of Darkness |
| 1:25 | Ghoul |
| 1:41 | Ghoul |
| 1:44 | Ziggurat |
| 1:59 | Crypt Fiend |
| 2:13 | Creature Attack |
| 2:35 | Crypt Fiend |
| 2:35 | Crypt Fiend |
| 3:10 | Death Coil |
| 3:19 | Crypt Fiend |
| 3:20 | Creature Carapace |
| 3:45 | Halls of the Dead |
| 4:03 | Crypt Fiend |
| 4:03 | Crypt Fiend |
| 4:29 | Ziggurat |
| 4:58 | Spirit Tower |
| 5:07 | Unholy Aura |
| 5:25 | Spirit Tower |
| 5:36 | Boots of Speed |
| 5:41 | Periapt of Vitality |
| 6:12 | Web |
| 6:15 | Crypt Fiend |
| 6:18 | Improved Creature Carapace |
| 6:54 | Slaughterhouse |
| 7:02 | Improved Creature Attack |
| 8:03 | Crypt Fiend |
| 8:03 | Crypt Fiend |
| 8:07 | Advanced Creature Carapace |
| 8:08 | Crypt Fiend |
| 8:17 | Frost Nova |
| 8:25 | Death Coil |
| 8:52 | Crypt Fiend |
| 9:03 | Ziggurat |
| 9:09 | Ziggurat |
| 10:01 | Meat Wagon |
| 10:02 | Meat Wagon |
| 12:36 | Meat Wagon |
| 12:36 | Meat Wagon |
| 12:36 | Meat Wagon |
| 12:39 | Black Citadel |
| 12:43 | Crypt Fiend |
| 12:43 | Crypt Fiend |
| 13:25 | Crypt Fiend |
| 13:28 | Ziggurat |
| 13:30 | Ziggurat |
| 13:54 | Exhume Corpses |
| 14:40 | Frost Armor |
| 15:39 | Unholy Aura |
| 16:04 | Advanced Creature Attack |
| 16:06 | Crypt Fiend |
| 16:06 | Crypt Fiend |
| 16:08 | Meat Wagon |
| 16:08 | Meat Wagon |
| 16:08 | Meat Wagon |
| 16:17 | Frost Nova |
| 16:47 | Crypt Fiend |
| 16:47 | Crypt Fiend |
| 16:49 | Meat Wagon |
| 16:55 | Spirit Tower |
| 19:22 | Death Coil |
| 21:15 | Crypt Fiend |
| 21:15 | Crypt Fiend |
| 21:16 | Meat Wagon |
| 21:16 | Meat Wagon |
| 21:18 | Crypt Fiend |
| 21:20 | Meat Wagon |
| 23:06 | Crypt Fiend |
| 23:06 | Crypt Fiend |
| 23:07 | Meat Wagon |
| 23:07 | Meat Wagon |
| 23:08 | Meat Wagon |
| 23:08 | Meat Wagon |
| 23:08 | Meat Wagon |
| 23:30 | Frost Armor |
| 25:48 | Meat Wagon |
| 25:48 | Meat Wagon |
| 31:35 | Animate Dead |
| 35:13 | Nerubian Tower |
| Right click | 4867 |
| Select group | 891 |
| Select | 195 |
| Use ability | 149 |
| Assign group | 83 |
| Build/train/purchase | 80 |
| Misc. action | 50 |
| Minimap ping | 8 |
| Remove unit | 5 |
| Item give/drop | 2 |



| Rod of Necromancy | 1 | 150 |
| Ritual Dagger | 1 | 125 |
| Potion of Mana | 1 | 200 |
| Orb of Corruption | 1 | 375 |
| Scroll of Town Portal | 1 | 350 |
| Periapt of Vitality | 1 | 325 |
| total: | 6 | 1525g |
| Acolyte | 38 | 2850 | / | 0 |
| Ghoul | 3 | 360 | / | 0 |
| Crypt Fiend | 16 | 3440 | / | 640 |
| Meat Wagon | 5 | 1150 | / | 250 |
| Obsidian Statue | 1 | 200 | / | 35 |
| Abomination | 2 | 480 | / | 140 |
| Frost Wyrm | 8 | 3080 | / | 960 |
| total: | 73 | 11560g | / | 2025w |
| Nerubian Tower | 8 | 800 | / | 160 |
| Spirit Tower | 1 | 145 | / | 40 |
| Crypt | 1 | 200 | / | 50 |
| Graveyard | 1 | 215 | / | 0 |
| Altar of Darkness | 1 | 180 | / | 50 |
| Ziggurat | 18 | 2700 | / | 900 |
| Tomb of Relics | 2 | 260 | / | 60 |
| Necropolis | 1 | 225 | / | 0 |
| Slaughterhouse | 2 | 280 | / | 270 |
| Sacrificial Pit | 1 | 75 | / | 150 |
| Boneyard | 2 | 350 | / | 400 |
| Halls of the Dead | 1 | 320 | / | 210 |
| Black Citadel | 1 | 325 | / | 230 |
| total: | 29 | 4485g | / | 1880w |
| 0:06 | Acolyte |
| 0:06 | Acolyte |
| 0:16 | Crypt |
| 0:20 | Graveyard |
| 0:42 | Altar of Darkness |
| 0:57 | Ziggurat |
| 1:18 | Ghoul |
| 1:25 | Tomb of Relics |
| 1:50 | Crypt Fiend |
| 2:00 | Ziggurat |
| 2:15 | Nerubian Tower |
| 2:50 | Carrion Beetles |
| 2:53 | Crypt Fiend |
| 2:55 | Rod of Necromancy |
| 3:17 | Crypt Fiend |
| 3:40 | Crypt Fiend |
| 4:15 | Spiked Carapace |
| 4:43 | Crypt Fiend |
| 4:46 | Ziggurat |
| 4:48 | Halls of the Dead |
| 5:36 | Carrion Beetles |
| 5:48 | Periapt of Vitality |
| 5:53 | Crypt Fiend |
| 5:54 | Creature Attack |
| 5:57 | Ghoul |
| 6:10 | Ritual Dagger |
| 6:57 | Unholy Strength |
| 7:28 | Slaughterhouse |
| 7:29 | Slaughterhouse |
| 7:33 | Ghoul |
| 8:02 | Web |
| 8:57 | Frost Nova |
| 9:00 | Exhume Corpses |
| 9:11 | Ziggurat |
| 9:13 | Ziggurat |
| 9:50 | Ziggurat |
| 10:52 | Meat Wagon |
| 10:52 | Meat Wagon |
| 10:52 | Obsidian Statue |
| 12:01 | Dark Ritual |
| 13:08 | Black Citadel |
| 13:11 | Potion of Mana |
| 14:23 | Meat Wagon |
| 14:23 | Meat Wagon |
| 14:24 | Improved Unholy Strength |
| 15:26 | Burrow |
| 15:29 | Spiked Carapace |
| 15:45 | Crypt Fiend |
| 15:45 | Crypt Fiend |
| 16:14 | Frost Nova |
| 16:49 | Ziggurat |
| 16:49 | Ziggurat |
| 16:50 | Ziggurat |
| 17:26 | Crypt Fiend |
| 17:45 | Acolyte |
| 17:50 | Crypt Fiend |
| 18:38 | Acolyte |
| 18:38 | Acolyte |
| 18:38 | Acolyte |
| 18:39 | Acolyte |
| 19:39 | Disease Cloud |
| 19:58 | Dark Ritual |
| 20:11 | Crypt Fiend |
| 20:11 | Crypt Fiend |
| 21:04 | Necropolis |
| 21:45 | Impale |
| 22:56 | Meat Wagon |
| 22:59 | Crypt Fiend |
| 22:59 | Crypt Fiend |
| 23:06 | Sacrificial Pit |
| 23:53 | Scroll of Town Portal |
| 24:12 | Crypt Fiend |
| 24:13 | Abomination |
| 24:13 | Abomination |
| 25:15 | Crypt Fiend |
| 25:20 | Boneyard |
| 25:28 | Boneyard |
| 26:42 | Acolyte |
| 26:42 | Acolyte |
| 27:09 | Ziggurat |
| 27:11 | Ziggurat |
| 27:12 | Ziggurat |
| 27:20 | Freezing Breath |
| 28:09 | Nerubian Tower |
| 28:17 | Spirit Tower |
| 28:33 | Acolyte |
| 29:11 | Acolyte |
| 30:16 | Acolyte |
| 30:16 | Acolyte |
| 30:16 | Acolyte |
| 30:19 | Acolyte |
| 31:00 | Ziggurat |
| 31:26 | Ziggurat |
| 31:52 | Tomb of Relics |
| 31:56 | Acolyte |
| 32:07 | Nerubian Tower |
| 32:25 | Nerubian Tower |
| 32:51 | Acolyte |
| 33:08 | Ziggurat |
| 33:47 | Acolyte |
| 33:50 | Acolyte |
| 33:50 | Acolyte |
| 33:53 | Ziggurat |
| 34:04 | Ziggurat |
| 34:33 | Nerubian Tower |
| 34:43 | Acolyte |
| 34:44 | Acolyte |
| 34:50 | Ziggurat |
| 35:55 | Nerubian Tower |
| 36:11 | Frost Wyrm |
| 36:11 | Frost Wyrm |
| 36:33 | Nerubian Tower |
| 37:02 | Frost Wyrm |
| 37:59 | Orb of Corruption |
| 38:22 | Acolyte |
| 38:41 | Sleep |
| 38:48 | Frost Wyrm |
| 38:49 | Frost Wyrm |
| 39:37 | Acolyte |
| 40:31 | Acolyte |
| 40:31 | Acolyte |
| 40:31 | Acolyte |
| 41:13 | Frost Wyrm |
| 43:40 | Frost Nova |
| 43:43 | Acolyte |
| 43:44 | Acolyte |
| 44:41 | Acolyte |
| 44:41 | Acolyte |
| 44:41 | Acolyte |
| 45:21 | Acolyte |
| 45:21 | Acolyte |
| 46:17 | Acolyte |
| 47:13 | Acolyte |
| 47:13 | Acolyte |
| 47:13 | Acolyte |
| 47:40 | Frost Wyrm |
| 47:40 | Frost Wyrm |
| Right click | 3840 |
| Select group | 761 |
| Select | 676 |
| Misc. action | 318 |
| Build/train/purchase | 142 |
| Use ability | 79 |
| Assign group | 48 |
| Minimap ping | 19 |
| Resource trade | 15 |
| Esc | 6 |
| Item give/drop | 4 |
⇛